 Dungeon Crawl Stone Soup version 0.17-a0-1534-gf98da79 (webtiles) character file.

29 GagarinX the Sneak (level 3, 25/25 HPs)
             Began as an Octopode Assassin on July 16, 2015.
             Quit the game on level 2 of the Dungeon on July 17, 2015.
             The game lasted 00:08:18 (1070 turns).

GagarinX the Sneak (Octopode Assassin)              Turns: 1070, Time: 00:08:18

Health: 25/25      AC:  1    Str: 11    XL:     3   Next: 16%
Magic:  3/3        EV: 11    Int: 13    God:
Gold:   68         SH:  0    Dex: 13    Spells: 0 memorised, 2 levels left

rFire  . . .     SeeInvis .     a - +2 dagger
rCold  . . .     Clarity  .     (no shield)
rNeg   . . .     SustAt   .     (helmet restricted)
rPois  .         Gourm    .     h - amulet of resist mutation
rElec  .         Spirit   .     l - ring of loudness (curse)
rCorr  .         Warding  .     (no ring)
rMut   +         Stasis   .     (no ring)
MR     .....                    (no ring)
Stlth  +++.......               (no ring)
                                (no ring)
                                (no ring)
                                (no ring)

@: not resistant to hostile enchantments, fairly stealthy
A: almost no armour, amphibious, 8 rings, constrict 8, camouflage 1, gelatinous
body 1
a: no special abilities


You were on level 2 of the Dungeon.
You were not hungry.

You visited 1 branch of the dungeon, and saw 2 of its levels.

You collected 68 gold pieces.

Inventory:

Hand weapons
 a - a +2 dagger (weapon)
 b - a +0 blowgun
Missiles
 c - 8 poisoned needles
 d - 2 curare-tipped needles
Jewellery
 h - an amulet of resist mutation (around mantle)
 l - a cursed ring of loudness (left tentacle)
Potions
 i - a potion of ambrosia {unknown}
 j - 2 potions of poison {unknown}
 k - a potion of haste {unknown}
Comestibles
 e - 2 bread rations
 f - 3 chunks of flesh


   Skills:
 + Level 2.4 Fighting
 + Level 2.4 Short Blades
 - Level 2.0 Throwing
 - Level 1.0 Dodging
 + Level 6.0 Stealth


You had 2 spell levels left.
You didn't know any spells.

Dungeon Overview and Level Annotations

Branches:
Dungeon (2/15)

Altars:


Innate Abilities, Weirdness & Mutations

You cannot wear most types of armour.
You are amphibious.
You can wear up to eight rings at the same time.
You can use your tentacles to constrict eight enemies at once.
Your skin changes colour to match your surroundings (Stealth).
Your rubbery body absorbs attacks (AC +1).


Message History

Things that are here:
a club; a goblin skeleton
Found a fuming cyan potion.
Found 2 orange potions.
j - 2 orange potions
k - a fuming cyan potion
Found 15 gold pieces.
Found a knobbly pearl ring.
You now have 68 gold pieces (gained 15).
l - a knobbly pearl ring Oops, that ring feels deathly cold.
l - a cursed ring of loudness (left tentacle) Read which item? (? for menu, Esc to quit)
As you read the scroll labeled POULUENONO, it crumbles to dust.
You assume a fearsome visage.
Nothing appears to happen.
It was a scroll of fear.
Saving game... please wait.
Welcome back, GagarinX the Octopode Assassin.
Press ? for a list of commands and other information.
Are you sure you want to abandon this character and quit the game? (Confirm with "yes".)

#.######### #####
#.#........ ..#.#
#.#........ #
#.#.####.#........
#.#.#......#........
#.#.#.#.###...#....###
.....................
#.............##.#
#@............#...
+.........#...#...
##.....####...##.#
.........##........
...........#.#.....#
..........#.#.#.....#
..........#.# #.....#
..........#.. #......
+.....#


There were no monsters in sight!

Vanquished Creatures
  2 oozes (D:1)
  A ball python (D:1)
  2 bats (D:1)
  A giant cockroach (D:1)
  3 goblins
  4 hobgoblins (D:1)
  2 jackals (D:1)
  2 giant newts (D:1)
  2 kobolds (D:1)
  A rat (D:1)
20 creatures vanquished.

Notes
Turn   | Place    | Note
--------------------------------------------------------------
     0 | D:1      | GagarinX the Octopode Assassin began the quest for the Orb.
     0 | D:1      | Reached XP level 1. HP: 14/14 MP: 1/1
   223 | D:1      | Reached XP level 2. HP: 19/19 MP: 2/2
   753 | D:1      | Reached skill level 6 in Stealth
   753 | D:1      | Reached XP level 3. HP: 17/25 MP: 3/3
  1070 | D:2      | Upgraded the game from 0.17-a0-1532-g2de063d to 0.17-a0-1534-gf98da79
  1070 | D:2      | Quit the game

Vault maps used:
D:1:      lightli_arrival_chessboard
D:2:      hex_tiny

Action                   || total
-------------------------++-------
Melee: Dagger            ||    52
 Fire: Blowgun           ||     2
  Use: Scroll            ||     1
 Stab: Sleeping          ||     4
